 Dungeon Crawl Stone Soup version 0.22-a0-475-g101988f953 (webtiles) character file.

679 Faustar the Changer (level 7, -12/60 HPs)
             Began as a Yellow Draconian Transmuter on June 14, 2018.
             Mangled by an orc
             ... wielding a +2 hand axe of electrocution
              (18 damage)
             ... on level 5 of the Dungeon.
             The game lasted 00:06:26 (3909 turns).

Faustar the Changer (Yellow Draconian Transmuter)   Turns: 3909, Time: 00:06:26

Health: -12/60     AC:  6    Str: 12    XL:     7   Next: 34%
Magic:  10/10      EV: 12    Int: 13    God:
Gold:   207        SH:  0    Dex: 14    Spells: 6/10 levels left

rFire    . . .     SeeInvis .     - Unarmed
rCold    . . .     Gourm    .   (no shield)
rNeg     . . .     Faith    .   (armour unavailable)
rPois    .         Spirit   .   (helmet restricted)
rElec    .         Reflect  .   (no cloak)
rCorr    +         Harm     .   (no gloves)
MR       .....                  (no boots)
Stlth    +.........             l - amulet of regeneration
HPRegen  0.60/turn              (no ring)
MPRegen  0.12/turn              (no ring)

@: no status effects
A: spit acid, acid resistance, unfitting armour, cold-blooded, AC +6
a: Breathe Acid


You were on level 5 of the Dungeon.
You were not hungry.

You visited 1 branch of the dungeon, and saw 5 of its levels.

You collected 207 gold pieces.

Inventory:

Missiles
 a - 12 arrows
Jewellery
 l - an amulet of regeneration (around neck)
Wands
 p - a wand of enslavement (12)
 q - a wand of polymorph (8)
Scrolls
 e - 4 scrolls of teleportation
 h - 2 scrolls of identify {unknown}
 i - a scroll of fear {unknown}
 k - 3 scrolls of fog {unknown}
 n - a scroll of blinking {unknown}
 r - 3 scrolls of magic mapping
Potions
 b - a potion of lignification {unknown}
 d - 4 potions of curing
 f - a potion of berserk rage {unknown}
 g - a potion of flight {unknown}
 j - a potion of ambrosia {unknown}
 m - a potion of resistance {unknown}
 o - a potion of cancellation {unknown}
 s - a potion of might {unknown}
 u - a potion of degeneration {unknown}
 v - a potion of heal wounds {unknown}
Comestibles
 c - 8 rations
 t - 2 chunks of flesh


   Skills:
 - Level 4.6 Fighting
 - Level 1.7 Dodging
 - Level 5.2 Unarmed Combat
 - Level 2.0 Spellcasting
 + Level 5.6 Transmutations


You had 6 spell levels left.
You knew the following spells:

 Your Spells              Type           Power        Failure   Level  Hunger
a - Beastly Appendage     Tmut           ###...       2%          1    ##.....
b - Spider Form           Tmut/Pois      #.........   24%         3    ####...

Your spell library contained the following spells:

 Spells                   Type           Power        Failure   Level  Hunger
 Blade Hands              Tmut           ###.......   56%         5    ######.
 Ice Form                 Ice/Tmut       #.......     63%         4    #####..
 Sticks to Snakes         Tmut           ###.....     3%          2    ###....


Dungeon Overview and Level Annotations

Branches:
Dungeon (5/15)
 Temple: D:4-7

Altars:
Gozag
Xom

Annotations:
D:5 2 runed doors


Innate Abilities, Weirdness & Mutations

You can spit globs of acid.
You are resistant to acid.
Your golden yellow scales are hard. (AC +6)
You cannot fit into any form of body armour.
You are cold-blooded and may be slowed by cold attacks.


Message History

The ogre hits you with a giant spiked club!
The orc hits you but does no damage.
You barely miss the ogre.
The ogre is severely wounded.
The orc hits you with a hand axe of electrocution.
The ogre closely misses you.
You hit the ogre.
Your tail-slap misses the ogre.
The ogre is almost dead.
The orc hits you with a hand axe of electrocution.
You are electrocuted!
* * * LOW HITPOINT WARNING * * *
You closely miss the ogre.
The ogre is almost dead.
The ogre closely misses you.
You punch the ogre!
You kill the ogre!
The orc hits you with a hand axe of electrocution.
* * * LOW HITPOINT WARNING * * *
You are electrocuted!
You die...

####### #.....#
#.....# #### #^....#
#... #.....# #...
#.....##### #...
#.........#########...
#.....###.............
#....@# #########.....
#...o)# #.......
#......# #.......
...##..## #....### ..
... #....# . ....
##....# ..#..
###.....## ......
....#....# ..
.........#


You could see an orc.

Vanquished Creatures
  2 ogres
  The ghost of henreader the Firebug, an amateur DEFE (D:4)
  2 orc priests (D:4)
  2 orc wizards (D:4)
  An iguana (D:4)
  Natasha (thrice) (D:4)
  Ijyb (D:4)
  2 worker ants
  A hound skeleton (D:4)
  5 adders
  2 oozes
  An adder skeleton (D:4)
  3 worms
  3 dart slugs
  4 leopard geckos
  6 orcs
  3 ball pythons
  4 giant cockroaches
  8 goblins
  4 hobgoblins
  3 jackals (D:1)
  5 kobolds
  7 bats
  9 rats
82 creatures vanquished.

Notes
Turn   | Place    | Note
-------+----------+-------------------------------------------
     0 | D:1      | Faustar the Draconian Transmuter began the quest for the Orb.
     0 | D:1      | Reached XP level 1. HP: 16/16 MP: 3/3
   128 | D:1      | Reached XP level 2. HP: 12/24 MP: 5/5
   823 | D:1      | Reached XP level 3. HP: 30/30 MP: 6/6
  1036 | D:2      | Learned a level 3 spell: Spider Form
  1116 | D:1      | HP: 1/30 [poisoned by an adder]
  1465 | D:2      | Reached XP level 4. HP: 34/38 MP: 7/7
  1932 | D:3      | Found a shimmering altar of Xom.
  2569 | D:4      | Noticed henreader's ghost (amateur DEFE)
  2586 | D:4      | Killed henreader's ghost
  2586 | D:4      | Reached XP level 5. HP: 8/46 MP: 8/8
  2846 | D:4      | Reached skill level 5 in Unarmed Combat
  2948 | D:4      | Noticed an ogre
  2969 | D:4      | Reached XP level 6. HP: 47/53 MP: 9/9
  3028 | D:4      | Noticed Ijyb
  3035 | D:4      | Killed Ijyb
  3104 | D:4      | Noticed Natasha
  3121 | D:4      | Killed Natasha
  3320 | D:4      | Noticed Natasha
  3329 | D:4      | Killed Natasha
  3544 | D:4      | Noticed Natasha
  3560 | D:4      | Killed Natasha
  3603 | D:4      | Reached skill level 5 in Transmutations
  3603 | D:4      | Your scales start taking on a golden yellow colour.
  3603 | D:4      | Reached XP level 7. HP: 60/60 MP: 6/10
  3662 | D:5      | Entered Level 5 of the Dungeon
  3852 | D:5      | Found a large runed door.
  3852 | D:5      | Found a large runed door.
  3862 | D:5      | Found an opulent altar of Gozag.
  3909 | D:5      | Mangled by an orc

Vault maps used:
D:1:      dpeg_arrival_stonehenge_12_columns
D:3:      first_ration, brannock_xom_greatest_gift
D:4:      uniq_ijyb, uniq_natasha
D:5:      overflow_temple_1_default, serial_shops, nicolae_shop_behind_doors,
          minmay_hollow_rounded_squares

Skill      XL: |  1  2  3  4  5  6 |
---------------+-------------------+-----
Fighting       | 2 3 4 |  4.6
Unarmed Combat | 4 5 |  5.2
Transmutations | 5 |  5.6
Dodging        | |  1.7
Spellcasting   | |  2.0

Action                   |  1- 3 |  4- 6 |  7- 9 || total
-------------------------+-------+-------+-------++-------
Melee: Unarmed           |   152 |   204 |    16 ||   372
       Tailslap          |    18 |    20 |     3 ||    41
       Kick              |       |    10 |       ||    10
       Punch             |       |     4 |     1 ||     5
       Headbutt          |       |     1 |     1 ||     2
 Cast: Beastly Appendage |       |     5 |     2 ||     7
       Spider Form       |       |     1 |       ||     1
Evoke: Wand              |       |     2 |       ||     2
  Use: Potion            |     1 |       |       ||     1
       Scroll            |       |     3 |       ||     3
 Stab: Sleeping          |     1 |     2 |       ||     3
  Eat: Chunk             |     1 |     8 |     1 ||    10
Armor: Skin              |    55 |    48 |     4 ||   107
Dodge: Dodged            |    94 |    98 |     6 ||   198

Table legend:
 A = Spawn XP
 B = Non-spawn XP
 C = Spawn XP percentage of total XP
 D = Spawn monster count
 E = Non-spawn monster count
 F = Spawn count percentage of total count
 G = Total turns spent on level
                    A         B        C        D         E        F      G
               +---------+---------+-------+---------+---------+-------+---------
         Total |       0 |     971 |   0.0 |       0 |      82 |   0.0 |  3909
               +---------+---------+-------+---------+---------+-------+---------
           D:1 |       0 |      56 |   0.0 |       0 |      26 |   0.0 |  1201
           D:2 |       0 |      60 |   0.0 |       0 |      15 |   0.0 |   549
           D:3 |       0 |      76 |   0.0 |       0 |      15 |   0.0 |  1015
           D:4 |       0 |     636 |   0.0 |       0 |      21 |   0.0 |  1024
           D:5 |       0 |     143 |   0.0 |       0 |       5 |   0.0 |   120
               +---------+---------+-------+---------+---------+-------+---------
